 Dungeon Crawl Stone Soup version 0.29-a0-823-gc37b1572da (webtiles) character file.

Game seed: 12135931458373124300

3546 ytrimaz the Cleaver (level 9, 0/79 HPs)
             Began as a Demonspawn Fighter on July 9, 2022.
             Was a Follower of Okawaru.
             Succumbed to a kobold brigand's curare-tipped dart
             ... on level 8 of the Dungeon.
             The game lasted 00:09:16 (8067 turns).

ytrimaz the Cleaver (Demonspawn Fighter)            Turns: 8067, Time: 00:09:16

Health: 0/79       AC: 25    Str: 27    XL:     9   Next: 83%
Magic:  20/20      EV:  9    Int: 10    God:    Okawaru [*.....]
Gold:   406        SH: 10    Dex: 12    Spells: 8/8 levels left

rFire   . . .      SeeInvis .   a - +0 war axe
rCold   . . .      Faith    +   k - +0 buckler
rNeg    . . .      Spirit   .   i - +0 plate armour
rPois   .          Reflect  .   (helmet restricted)
rElec   .          Harm     .   d - +0 cloak {rCorr}
rCorr   +          Rampage  .   j - +0 pair of gloves
Will    .....                   n - +0 pair of boots
Stlth   ..........              f - amulet of faith
HPRegen 0.23/turn               l - +6 ring of strength
MPRegen 0.17/turn               x - ring of magical power

@: lethally poisoned (0 -> -14), heroic, weakened, slowed, invisible, very slow
A: horns 2, molten scales 1, (demonic guardian 1), icemail 1, condensation
shield, robust 1
a: Renounce Religion, Heroism


You were on level 8 of the Dungeon.
You worshipped Okawaru.
Okawaru was aware of your devotion.
You visited 2 branches of the dungeon, and saw 9 of its levels.

You collected 406 gold pieces.

Inventory:

Hand Weapons
 a - a +0 war axe (weapon)
Missiles
 w - 2 throwing nets (quivered)
Armour
 d - a +0 cloak of preservation (worn)
 i - a +0 plate armour (worn)
 j - a +0 pair of gloves (worn)
 k - a +0 buckler (worn)
 n - a +0 pair of boots (worn)
Jewellery
 f - an amulet of faith (around neck)
 l - a +6 ring of strength (left hand)
 x - a ring of magical power (right hand)
Wands
 r - a wand of flame (10)
 t - a wand of charming (4)
 v - a wand of iceblast (8)
Scrolls
 m - a scroll of blinking
 q - 2 scrolls of noise
 s - a scroll of enchant armour
 u - a scroll of teleportation
 y - a scroll of magic mapping
 z - a scroll of enchant weapon
Potions
 c - 3 potions of flight
 e - 2 potions of cancellation
 g - a potion of mutation
 o - a potion of brilliance
Miscellaneous
 h - a lightning rod (4/4)


   Skills:
 + Level 7.1(12.1) Fighting
 - Level 9.5(14.5) Axes
 + Level 6.7(11.7) Armour
 - Level 2.6(7.6) Shields
 * Level 3.7 Invocations


You had 8 spell levels left.
You didn't know any spells.
Your spell library contained the following spells:

 Spells                   Type           Power      Damage    Failure   Level
 Beastly Appendage        Tmut           0%         N/A       98%         1
 Shock                    Conj/Air       0%         1d3       98%         1
 Wereblood                Tmut           0%         N/A       99%         2
 Inner Flame              Hex/Fire       0%         N/A       100%        3
 Spider Form              Tmut/Pois      0%         N/A       100%        3
 Swiftness                Air            0%         N/A       100%        3
 Airstrike                Air            0%         0-1+      100%        4
 Cause Fear               Hex            0%         N/A       100%        4
 Discord                  Hex            0%         N/A       100%        8


Dungeon Overview and Level Annotations

Branches:
Dungeon (8/15)             Temple (1/1) D:7
   Lair: D:8-11

Altars:
Ashenzari
Cheibriados
Dithmenos
Fedhas
Kikubaaqudgha
Makhleb
Nemelex Xobeh
Okawaru
Qazlal
Uskayaw
Xom
Yredelemnul

Annotations:
D:5 1 runed translucent door, avis's ghost, novice DgIE


Innate Abilities, Weirdness & Mutations

You have a pair of horns on your head.
You are partially covered in molten scales. (AC +2)
((A weak demonic guardian rushes to your aid.))
A meltable icy envelope protects you from harm. (AC +4)
A meltable shield of frost defends you. (SH +4)
You are robust. (+10% HP)


Message History

The killer bee poisons you!
The killer bee stings you but does no damage. x3
The killer bee barely misses you.
The killer bee stings you but does no damage. x2
You hit the killer bee.
You kill the killer bee!
Okawaru accepts your kill.
You closely miss the killer bee.
You hit the killer bee but do no damage.
You slash the killer bee! You barely miss the killer bee.
You feel very sick. The killer bee stings you.
* * * LOW HITPOINT WARNING * * *
The killer bee closely misses you. You block the killer bee's attack. x2
Unknown command.
It was a potion of invisibility.
You fade into invisibility!
* * * LOW HITPOINT WARNING * * *
You feel very sick. You block the killer bee's attack.
The killer bee stings you but does no damage.
The killer bee barely misses you.
The killer bee stings you but does no damage.
You block the killer bee's attack. The killer bee barely misses you.
The killer bee stings you but does no damage.
The killer bee closely misses you. You block the killer bee's attack.
The killer bee closely misses you.
The kobold throws a stone.
The stone misses the killer bee.
The stone barely misses you.
The kobold brigand throws a curare-tipped dart.
The curare-tipped dart barely misses the killer bee.
The curare-tipped dart hits you.
You are lethally poisoned!
You have difficulty breathing.
* * * LOW HITPOINT WARNING * * *
You feel yourself slow down.
Okay, then.
Really quaff the potion of mutation?
You feel extremely strange.
You feel robust. The horns on your head grow some more.
You die...

.. ..###########
#. #.#.......... .
#.## #.#.#########
.. ..###.#.### ...
#.#.......#
....####.#.......#
..)...>..........#
.......)y.##.#.###
......)@yK##.#.#
###...yyyK.#.#.#
#.[.[K#KK#.#.#
#.......Y#.#.#
#......#...#
####.#.#...#
#.#.#...# #.
.#...#


You could see an ice beast (unable to see you), a kobold brigand (unable to see
you), 5 killer bees and 4 kobolds.

Vanquished Creatures
  Eustachio (D:6)
  3 ice beasts
  A sky beast (D:7)
  3 ogres
  3 centaurs
  3 phantoms
  A lemure (D:6)
  4 scorpions
  8 wights
  7 killer bees
  2 howler monkeys (D:8)
  An orc priest (D:8)
  4 hounds
  2 jellies
  Crazy Yiuf (D:2)
  2 gnoll boudas
  3 iguanas
  An orc wizard (D:7)
  9 adders
  14 gnolls
  A shadow imp (D:5)
  A white imp (D:5)
  2 ufetubi
  4 worms
  2 dart slugs (D:1)
  9 orcs
  7 ball pythons
  10 endoplasms
  5 giant cockroaches
  9 goblins
  9 hobgoblins
  7 kobolds
  2 quokkas
  6 bats
  3 frilled lizards
  10 rats
160 creatures vanquished.

Vanquished Creatures (collateral kills)
  Pikel (D:6)
  A wight (D:7)
  An orc wizard (D:7)
3 creatures vanquished.

Grand Total: 163 creatures vanquished

Notes
Turn   | Place    | Note
-------+----------+-------------------------------------------
     0 | D:1      | ytrimaz the Demonspawn Fighter began the quest for the Orb.
     0 | D:1      | Reached XP level 1. HP: 18/18 MP: 1/1
   173 | D:1      | Reached skill level 2 in Axes
   176 | D:1      | Gained mutation: A meltable shield of frost defends you.
                  | (SH +4) [demonic ancestry]
   176 | D:1      | Reached XP level 2. HP: 21/24 MP: 2/2
   448 | D:1      | Found a faded altar of an unknown god.
   647 | D:1      | Reached XP level 3. HP: 20/29 MP: 3/3
  1506 | D:2      | Found a runed translucent door.
  1507 | D:2      | Noticed Crazy Yiuf
  1517 | D:2      | Killed Crazy Yiuf
  1518 | D:2      | Reached skill level 3 in Axes
  1518 | D:2      | Gained mutation: A meltable icy envelope protects you from
                  | harm. (AC +4) [demonic ancestry]
  1518 | D:2      | Reached XP level 4. HP: 36/36 MP: 4/4
  1581 | D:2      | Identified the +1 robe "Leddiul" {rElec rF- rC+ Regen+}
  2471 | D:3      | Gained mutation: You are partially covered in molten
                  | scales. (AC +2) [demonic ancestry]
  2471 | D:3      | Reached XP level 5. HP: 42/42 MP: 5/5
  3519 | D:4      | Reached skill level 4 in Axes
  3757 | D:4      | Found a stormy altar of Qazlal.
  3852 | D:4      | Gained mutation: You have a pair of small horns on your
                  | head. [demonic ancestry]
  3852 | D:4      | Reached XP level 6. HP: 46/48 MP: 6/6
  4036 | D:4      | You fall into a shaft and drop 1 floor!
  4036 | D:5      | Entered Level 5 of the Dungeon
  4048 | D:5      | Reached skill level 5 in Axes
  4073 | D:5      | Noticed an ice beast
  4093 | D:5      | Killed an ice beast
  4094 | D:5      | Reached XP level 7. HP: 55/55 MP: 7/7
  4110 | D:5      | Reached skill level 6 in Axes
  4171 | D:5      | Found a runed translucent door.
  4178 | D:5      | Noticed avis's ghost (novice DgIE)
  4469 | D:5      | Reached skill level 7 in Axes
  4469 | D:5      | Gained mutation: A weak demonic guardian rushes to your
                  | aid. [demonic ancestry]
  4469 | D:5      | Reached XP level 8. HP: 53/61 MP: 8/8
  4795 | D:6      | Reached skill level 5 in Fighting
  5024 | D:6      | Reached skill level 5 in Armour
  5117 | D:6      | Noticed Eustachio
  5130 | D:6      | Noticed Pikel
  5145 | D:6      | Killed Pikel
  5146 | D:6      | Reached skill level 8 in Axes
  5149 | D:6      | Killed Eustachio
  5150 | D:6      | Reached XP level 9. HP: 22/69 MP: 9/9
  5597 | D:6      | Found a snail-covered altar of Cheibriados.
  6146 | D:6      | Reached skill level 9 in Axes
  6677 | D:7      | Found a staircase to the Ecumenical Temple.
  6930 | Temple   | Entered the Ecumenical Temple
  7089 | Temple   | Became a worshipper of Warmaster Okawaru
  7156 | D:7      | Found a burning altar of Makhleb.
  7221 | D:7      | Reached skill level 1 in Invocations
  7650 | D:7      | Reached * piety under Okawaru
  7756 | D:7      | Found a shimmering altar of Xom.
  7794 | D:7      | Found a broken altar of Ashenzari.
  8067 | D:8      | Gained mutation: You are robust. (+10% HP) [potion of
                  | mutation]
  8067 | D:8      | Gained mutation: You have a pair of horns on your head.
                  | [potion of mutation]
  8067 | D:8      | Succumbed to a kobold brigand's curare-tipped dart

Illustrated notes

Levels and vault maps discovered:
D:1:      minmay_arrival_up_and_down, layout_rooms,
          shapermc_ecumenical_altar_notcrosses, serial_rivers,
          chequers_serial_rivers_micro_d, chequers_serial_rivers_micro_c,
          chequers_serial_rivers_large_a, chequers_serial_rivers_marsh,
          chequers_serial_rivers_small_3, chequers_serial_rivers_micro_d,
          minivault_4, minmay_tall_x
D:2:      layout_loops_ring, uniq_crazy_yiuf_cottage
D:3:      layout_basic, amethyst_killhole, minmay_box_of_dots
D:4:      layout_loops_cross, nicolae_qazlal_eye_of_the_storm,
          minmay_pentomino_pile
D:5:      layout_rooms, hellmonk_ghost_happy_afterlife, kennysheep_flooded_box,
          interstate_on_off, minmay_checkerbox
D:6:      layout_cave_pods, chei_slow_surprise, uniq_eustachio, uniq_pikel
D:7:      layout_loops_ring, mainiacjoe_overflow_boulevard,
          nicolae_overflow_hidden_temple, temple_fountains
D:8:      layout_basic
Temple:   hellmonk_temple_forest_ring

Skill      XL: |  1  2  3  4  5  6  7  8  9 |
---------------+----------------------------+-----
Axes           | 2 3 4 5 7 8 9 |  9.5
Armour         | 3 4 5 6 |  6.7
Fighting       | 4 5 7 |  7.1
Invocations    | 3 |  3.7
Shields        | |  2.6

Action                   |  1- 3 |  4- 6 |  7- 9 || total
-------------------------+-------+-------+-------++-------
Melee: War axe           |    94 |   178 |   216 ||   488
       Headbutt          |       |     8 |    42 ||    50
Invok: Heroism           |       |       |     1 ||     1
  Use: Scroll            |     1 |     5 |     7 ||    13
       Potion            |     1 |     4 |     4 ||     9
Armor: Scale mail        |    46 |    91 |    10 ||   147
       Plate armour      |       |       |   183 ||   183
Dodge: Dodged            |    62 |    65 |   126 ||   253
Block: Other             |    15 |       |       ||    15
       Buckler           |     7 |    83 |   167 ||   257

Table legend: (Time is in decaauts)
 A = Elapsed time spent in this place.
 B = Non-inter-level travel time spent in this place.
 C = Inter-level travel time spent in this place.
 D = Time resting spent in this place.
 E = Time spent auto-exploring this place.
 F = Levels seen in this place.
 G = Mean time per level.
                   A        B        C        D        E       F      G
               +--------+--------+--------+--------+--------+-----+--------+
         Total |   8216 |   7869 |    347 |    821 |   5648 |   9 |  912.9 |
       Dungeon |   8039 |   7709 |    330 |    821 |   5512 |   8 | 1004.9 |
        Temple |    177 |    160 |     17 |      0 |    136 |   1 |  177.0 |
               +--------+--------+--------+--------+--------+-----+--------+

Top non-repeatable levels by time:
     D:6: 1802 daAuts
     D:3: 1334 daAuts
     D:1: 1307 daAuts
     D:7: 1286 daAuts
     D:2: 855 daAuts
     D:4: 798 daAuts
     D:5: 612 daAuts
  Temple: 177 daAuts
     D:8: 42 daAuts
